 Dungeon Crawl Stone Soup version 0.30.0-29-ga12c61a403 (webtiles) character file.

Game seed: 15587146690819021523

74 qw the Chopper (level 4, 0/28 HPs)
             Began as a Gargoyle Fighter on June 5, 2023.
             Slain by a gnoll
             ... wielding a +0 halberd
              (2 damage)
             ... on level 2 of the Dungeon.
             The game lasted 00:00:33 (1358 turns).

qw the Chopper (Gargoyle Fighter)                   Turns: 1358, Time: 00:00:34

Health: 0/28       AC: 10    Str: 21    XL:     4   Next: 28%
Magic:  4/4        EV:  9    Int:  9    God:
Gold:   48         SH:  4    Dex:  9    Spells: 3/3 levels left

rFire   . . .        Y - +0 war axe
rCold   . . .        c - +0 buckler
rNeg    + . .        b - +0 scale mail
rPois   inf          (no helmet)
rElec   +            (no cloak)
rCorr   .            (no gloves)
SInv    .            (no boots)
Will    .....        (no amulet) Stlth
                     (no ring)
HPRegen 0.24/turn    (no ring)
MPRegen 0.09/turn

%: no passive effects
@: no status effects
A: sickness immunity, AC +3, negative energy resistance 1, electricity
resistance, torment resistance 1, petrification resistance
a: no special abilities


You were on level 2 of the Dungeon.
You visited 1 branch of the dungeon, and saw 2 of its levels.

You collected 48 gold pieces.


Innate Abilities, Weirdness & Mutations

You are immune to sickness and miasma.
Your stone body is resilient. (AC +3)
You are immune to poison.
You resist negative energy. (rN+)
You are resistant to electric shocks. (rElec)
You are resistant to unholy torment.
You are immune to petrification.


   Skills:
 - Level 3.2 Fighting
 + Level 4.0 Axes
 - Level 3.2 Armour
 - Level 3.2 Shields


You had 3 spell levels left.
You didn't know any spells.
Your spell library was empty.

Inventory:

Hand Weapons
 i - a +0 whip
 Y - a +0 war axe (weapon)
Armour
 b - a +0 scale mail (worn)
 c - a +0 buckler (worn)
Scrolls
 a - a scroll of fear {unknown}
Potions
 d - a potion of might
 e - a potion of brilliance {unknown}
 f - a potion of curing {unknown}
 g - a potion of resistance {unknown}

Dungeon Overview and Level Annotations

Branches:
Dungeon (2/15)

Altars:

Shops:
D:2 =


Message History

Enter note:
Enter note:
Enter note:
Enter note: 2 gnolls come into view.
The gnoll shouts! x2
A bat comes into view.
The gnoll hits you with a +0 spear.
Enter note:
Enter note: You hit the gnoll.
The gnoll is lightly wounded.
You block the gnoll's attack.
You hit the gnoll.
The gnoll is heavily wounded.
The bat barely misses you. The gnoll hits you but does no damage.
You barely miss the gnoll.
The gnoll is heavily wounded.
The bat hits you but does no damage. The gnoll hits you with a +0 spear!
The gnoll barely misses you.
You slash the gnoll!
You kill the gnoll!
The bat hits you but does no damage. The gnoll closely misses you.
The bat hits you but does no damage.
Your Axes skill increases to level 4!
You slash the bat!
You kill the bat!
The gnoll hits you from afar with a +0 halberd!
You block the gnoll's attack. The gnoll hits you but does no damage.
You hit the gnoll but do no damage. The gnoll barely misses you. x2
You slash the gnoll!
The gnoll is heavily wounded.
The gnoll closely misses you. The gnoll hits you with a +0 whip.
You hit the gnoll but do no damage.
The gnoll is heavily wounded.
The gnoll hits you from afar with a +0 halberd.
You block the gnoll's attack. The gnoll misses you.
The gnoll hits you from afar with a +0 halberd.
You die...

#. ....... ..#..
....... ..#... .......
..... ....... #.<.#
.......
#####...##g......
#........)%......
#........@g.#
#..........^#
#...........#
#.####...........####
#........./...........
####%................
#...>.............
#%...........####.
#.############


You could see 2 gnolls.

Vanquished Creatures
  A gnoll (D:2)
  3 adders (D:2)
  A dart slug (D:2)
  5 ball pythons
  4 bats
  3 endoplasms
  A giant cockroach (D:1)
  4 goblins (D:1)
  4 jackals (D:1)
  A quokka (D:1)
  A frilled lizard (D:2)
  2 kobolds (D:1)
  3 rats
33 creatures vanquished.

Notes
Turn   | Place    | Note
-------+----------+-------------------------------------------
     0 | D:1      | qw the Gargoyle Fighter began the quest for the Orb.
     0 | D:1      | Reached XP level 1. HP: 14/14 MP: 1/1
     0 | D:1      | 0 ||| qw: Version: 0.2-a-108-gee2c290
     0 | D:1      | 0 ||| qw: Game counter: 1342
     0 | D:1      | 0 ||| qw: Always use a shield: true
     0 | D:1      | 0 ||| qw: God list: Okawaru
     0 | D:1      | 0 ||| qw: Allow faded altars: false
     0 | D:1      | 0 ||| qw: Do Orc after D:15 true
     0 | D:1      | 0 ||| qw: Do second Lair branch before Depths: true
     0 | D:1      | 0 ||| qw: Lair rune preference: random
     0 | D:1      | 0 ||| qw: Plans: Normal, Zot:1-4, Slime:5, God:TSO, Crypt,
                  | Tomb, Abyss, Pan, Hells, Win
     0 | D:1      | 0 ||| PLANNING D:1-11
    59 | D:1      | Reached skill level 2 in Axes
   155 | D:1      | 155 ||| Stepping ~*~*~tactically~*~*~ (hiding).
   158 | D:1      | 158 ||| Stepping ~*~*~tactically~*~*~ (hiding).
   163 | D:1      | Reached XP level 2. HP: 13/19 MP: 2/2
   212 | D:1      | 212 ||| Stepping ~*~*~tactically~*~*~ (stealth).
   213 | D:1      | 213 ||| Stepping ~*~*~tactically~*~*~ (stealth).
   451 | D:1      | Reached skill level 3 in Axes
   530 | D:1      | 530 ||| DROPPING +0 club.
   904 | D:1      | Reached XP level 3. HP: 13/23 MP: 3/3
  1039 | D:1      | 1039 ||| DROPPING orb of mayhem.
  1040 | D:1      | 1040 ||| READING scroll labelled YNIESE WAMUDUE.
  1102 | D:2      | Found Qoit's Jewellery Shoppe.
  1103 | D:2      | 1103 ||| Stepping ~*~*~tactically~*~*~ (hiding).
  1108 | D:2      | 1108 ||| Stepping ~*~*~tactically~*~*~ (hiding).
  1227 | D:2      | 1227 ||| SHOPLISTING +4 ring of protection (432 gold, have
                  | 36).
  1227 | D:2      | 1227 ||| SHOPLISTING ring of resist corrosion (240 gold,
                  | have 36).
  1227 | D:2      | 1227 ||| SHOPLISTING ring of see invisible (180 gold, have
                  | 36).
  1227 | D:2      | 1227 ||| SHOPLISTING ring of the Hare {EV+10} (1536 gold,
                  | have 36).
  1229 | D:2      | Found a faded altar of an unknown god.
  1330 | D:2      | Reached XP level 4. HP: 26/28 MP: 4/4
  1355 | D:2      | Reached skill level 4 in Axes
  1357 | D:2      | HP: 7/28 [gnoll/+0 whip (3)]
  1358 | D:2      | HP: 2/28 [gnoll/+0 halberd (5)]
  1358 | D:2      | Slain by a gnoll

Levels and vault maps discovered:
D:1:      sevenhm_arrival_forest_fort_small_3, layout_basic
D:2:      minmay_angry_zag, layout_basic, serial_curves, eino_curves_03,
          eino_curves_03, nicolae_ecumenical_snake_handling, serial_shops, shop,
          uniq_sigmund

Skill      XL: |  1  2  3  4 |
---------------+-------------+-----
Axes           | 2 3 4 |  4.0
Fighting       | |  3.2
Armour         | |  3.2
Shields        | |  3.2

Action                     |  1- 3 |  4- 6 || total
---------------------------+-------+-------++-------
  Melee: War axe           |    84 |     9 ||    93
    Use: Scroll            |     1 |       ||     1
 Armour: Scale mail        |    59 |     5 ||    64
  Dodge: Dodged            |    39 |     7 ||    46
  Block: Buckler           |    12 |     3 ||    15

Table legend:
 A = Non-vault XP
 B = Vault XP
 C = Vault XP percentage of total XP
 D = Non-vault monster count
 E = Vault monster count
 F = Vault count percentage of total count
                 A         B        C        D         E       F
            +---------+---------+-------+---------+---------+-------
      Total |      90 |      16 |  15.1 |      30 |       3 |   9.1
            +---------+---------+-------+---------+---------+-------
        D:1 |      34 |       0 |   0.0 |      19 |       0 |   0.0
        D:2 |      56 |      16 |  22.2 |      11 |       3 |  21.4
            +---------+---------+-------+---------+---------+-------
